 Dungeon Crawl Stone Soup version 0.21-a0-352-g5b8f553 (webtiles) character file.

9 Dfrag the Firebug (level 2, 7/19 HPs)
             Began as a Demonspawn Fire Elementalist on Oct 11, 2017.
             Quit the game on level 1 of the Dungeon.
             The game lasted 00:01:04 (155 turns).

Dfrag the Firebug (Demonspawn Fire Elementalist)     Turns: 155, Time: 00:01:05

Health: 7/19       AC:  2    Str:  8    XL:     2   Next: 3%
Magic:  0/5        EV: 12    Int: 16    God:
Gold:   6          SH:  0    Dex: 13    Spells: 4/5 levels left

rFire    . . .     SeeInvis .   (no weapon)
rCold    . . .     Gourm    .   (no shield)
rNeg     . . .     Faith    .   a - +0 robe
rPois    .         Spirit   .   (no helmet)
rElec    .         Reflect  .   (no cloak)
rCorr    .         Harm     .   (no gloves)
MR       .....                  (no boots)
Stlth    +++.......             (no amulet)
HPRegen  0.06/turn              (no ring)
MPRegen  0.09/turn              (no ring)

@: no status effects
A: nightstalker 1
a: no special abilities


You were on level 1 of the Dungeon.
You were not hungry.

You visited 1 branch of the dungeon, and saw 1 of its levels.

You collected 6 gold pieces.

Inventory:

Armour
 a - a +0 robe (worn)
Potions
 d - a potion of heal wounds {unknown}
Books
 b - a book of Flames

   Spells                             Type                      Level
   a - Flame Tongue                   Conjuration/Fire             1
   b - Throw Flame                    Conjuration/Fire             2
   c - Conjure Flame                  Conjuration/Fire             3
   d - Inner Flame                    Hexes/Fire                   3
   e - Sticky Flame                   Conjuration/Fire             4
   f - Fireball                       Conjuration/Fire             5
Comestibles
 c - 2 bread rations


   Skills:
 - Level 1.7 Dodging
 - Level 1.7 Stealth
 + Level 2.2 Spellcasting
 + Level 1.4 Conjurations
 + Level 2.9 Fire Magic


You had 4 spell levels left.
You knew the following spells:

 Your Spells              Type           Power        Failure   Level  Hunger
a - Flame Tongue          Conj/Fire      #....        9%          1    #......


Dungeon Overview and Level Annotations

Branches:
Dungeon (1/15)

Altars:


Innate Abilities, Weirdness & Mutations

You are slightly more attuned to the shadows.


Message History

Aim: a goblin, wielding an enchanted dagger The flame tongue hits the goblin.
The goblin is heavily wounded.
The goblin hits you with an enchanted dagger.
Unknown command.
The goblin hits you with an enchanted dagger.
A kobold comes into view.
The kobold shouts!
The kobold hits you.
Casting: Flame Tongue
Confirm with . or Enter, or press ? or * to list all spells.
Aiming: Flame Tongue
Press: ? - help, Shift-Dir - straight line, f/p - goblin
Aim: a goblin, wielding an enchanted dagger (heavily wounded)
The flame tongue hits the goblin.
You kill the goblin!
You have reached level 2!
Your demonic ancestry asserts itself...
You slip into the darkness of the dungeon.
Are you sure you want to abandon this character and quit the game? (Confirm with "yes".)

#.# ....# #.# ......#
#### #.## ......# #..
... ......# #.# #.#
....# #.#######.# #...#
..
.........g#####...##...
...........ggK.g.......
#.#######..#####@..#.#
.......(......###..#
.g............## ..#.#
#g###...#..#...# ..#.#
#g###..........##....#
#.##..#......#....#..#.
.g##...................
..'...............#.
..##..#......#..#.##.#..


You could see a hobgoblin, 2 goblins and a kobold.

Vanquished Creatures
  A dart slug (D:1)
  2 bats (D:1)
  A giant cockroach (D:1)
  A goblin (D:1)
  A kobold (D:1)
  A rat (D:1)
7 creatures vanquished.

Notes
Turn   | Place    | Note
-------+----------+-------------------------------------------
     0 | D:1      | Dfrag the Demonspawn Fire Elementalist began the quest for the Orb.
     0 | D:1      | Reached XP level 1. HP: 13/13 MP: 3/3
   152 | D:1      | Gained mutation: You are slightly more attuned to the shadows. [demonic ancestry]
   152 | D:1      | Reached XP level 2. HP: 7/19 MP: 0/5
   155 | D:1      | Quit the game

Vault maps used:
D:1:      sevenhm_arrival_forest_fort_large_1, minmay_misc_feat_plants

Action                   || total
-------------------------++-------
Melee: Unarmed           ||     6
 Cast: Flame Tongue      ||    11
Armor: Robe              ||     5
Dodge: Dodged            ||    10

Table legend:
 A = Spawn XP
 B = Non-spawn XP
 C = Spawn XP percentage of total XP
 D = Spawn monster count
 E = Non-spawn monster count
 F = Spawn count percentage of total count
 G = Total turns spent on level
                    A         B        C        D         E        F      G
               +---------+---------+-------+---------+---------+-------+---------
         Total |       0 |      13 |   0.0 |       0 |       7 |   0.0 |   155
               +---------+---------+-------+---------+---------+-------+---------
           D:1 |       0 |      13 |   0.0 |       0 |       7 |   0.0 |   155
               +---------+---------+-------+---------+---------+-------+---------
